 Dungeon Crawl Stone Soup version 0.25-a0-681-gdf4e720381 (webtiles) character file.

Game seed: 5791622760291828885, levelgen mode: deterministic

9644 Kohma the Martial Artist (level 11, -3/89 HPs)
             Began as a Demonspawn Ice Elementalist on Mar 30, 2020.
             Was a Priest of Makhleb.
             Slain by Snorg (6 damage)
             ... on level 11 of the Dungeon.
             The game lasted 00:39:34 (11870 turns).

Kohma the Martial Artist (DsIE)                    Turns: 11870, Time: 00:39:35

Health: -3/89      AC:  8    Str: 11    XL:     11   Next: 25%
Magic:  0/15       EV: 13    Int: 18    God:    Makhleb [***...]
Gold:   487        SH:  0    Dex: 13    Spells: 5/16 levels left

rFire    . . .     SeeInvis .     - Unarmed
rCold    . . .     Gourm    +   (no shield)
rNeg     + . .     Faith    .   D - +0 steam dragon scales
rPois    .         Spirit   +   (no helmet)
rElec    .         Reflect  .   j - scarf {cloud immunity}
rCorr    .         Harm     .   (gloves unavailable)
MR       .....                  (no boots)
Stlth    ++........             w - amulet of the gourmand
HPRegen  0.24/turn              y - +3 ring of protection
MPRegen  0.14/turn              H - ring of positive energy

@: frozen ramparts
A: claws 3, foul stench 1, robust 1, magic shield, rot immunity
a: Minor Destruction, Lesser Servant of Makhleb, Renounce Religion


You were on level 11 of the Dungeon.
You worshipped Makhleb.
Makhleb was most pleased with you.
You were very full.

You visited 2 branches of the dungeon, and saw 12 of its levels.

You collected 697 gold pieces.
You spent 210 gold pieces at shops.

Inventory:

Hand Weapons
 p - a +0 hunting sling
 q - a +2 dagger of electrocution
 u - a +2 whip of venom
Missiles
 g - 294 stones
 m - 100 sling bullets
 o - 2 throwing nets
 F - 35 poisoned darts (quivered)
Armour
 j - a scarf of cloud immunity (worn)
 D - +0 steam dragon scales (worn)
Jewellery
 w - an amulet of the gourmand (around neck)
 y - a +3 ring of protection (left claw)
 H - a ring of positive energy (right claw)
Wands
 n - a wand of polymorph (9)
 t - a wand of scattershot (4)
 z - a wand of clouds (3)
 E - a wand of random effects (20)
Scrolls
 d - 4 scrolls of immolation
 e - 5 scrolls of remove curse
 f - a scroll of enchant weapon
 r - a scroll of enchant armour
 v - a scroll of teleportation {unknown}
 A - a scroll of fog
Potions
 b - 3 potions of haste
 h - a potion of resistance
 i - 4 potions of brilliance
 k - 5 potions of mutation
 l - 5 potions of curing
 s - a potion of flight
 B - a potion of magic {unknown}
 C - 2 potions of stabbing
Miscellaneous
 a - a fan of gales
Comestibles
 c - 23 rations


   Skills:
 + Level 5.6 Fighting
 * Level 3.7 Dodging
 - Level 2.0 Stealth
 * Level 10.8 Unarmed Combat
 - Level 3.0 Spellcasting
 - Level 2.1 Transmutations
 - Level 2.1 Fire Magic
 - Level 7.0 Ice Magic
 + Level 6.5 Poison Magic
 - Level 5.2 Invocations


You had 5 spell levels left.
You knew the following spells:

 Your Spells              Type           Power        Failure   Level  Hunger
a - Freeze                Ice            ####         1%          1    None
b - Frozen Ramparts       Ice            ####..       2%          3    ###....
c - Olgreb's Toxic Radia  Pois           ####....     11%         4    ####...
d - Ignite Poison         Fire/Tmut/Pois ###.....     11%         3    ###....

Your spell library contained the following spells:

 Spells                   Type           Power        Failure   Level  Hunger
 Sting                    Tmut/Pois      ###.         2%          1    None
 Poisonous Vapours        Pois/Air       ##....       6%          2    ##.....
 Ozocubu's Armour         Chrm/Ice       ###.....     12%         3    ###....
 Magic Dart               Conj           #...         16%         1    None
 Mephitic Cloud           Conj/Pois/Air  ##......     21%         3    ###....
 Searing Ray              Conj           #.....       24%         2    ##.....
 Hailstorm                Conj/Ice       ###.....     36%         4    ####...
 Summon Ice Beast         Ice/Summ       ###.....     36%         4    ####...
 Confusing Touch          Hex            #.......     43%         3    ###....
 Dazzling Flash           Conj/Hex       #.....       43%         3    ###....
 Gell's Gravitas          Tloc           #.........   43%         3    ###....
 Petrify                  Tmut/Erth      #.......     71%         4    ####...
 Metabolic Englaciation   Hex/Ice        ###.......   71%         5    ######.
 Fulminant Prism          Conj/Hex       #.........   85%         4    ####...
 Iskenderun's Mystic Bla  Conj/Tloc      #.......     85%         4    ####...
 Yara's Violent Unravell  Hex/Tmut       #.........   96%         5    ######.


Dungeon Overview and Level Annotations

Branches:
Dungeon (11/15)            Temple (1/1) D:4            Lair (0/6) D:9
    Orc: D:9-12

Altars:
Ashenzari
Cheibriados
Dithmenos
Elyvilon
Fedhas
Gozag
Hepliaklqana
Kikubaaqudgha
Makhleb
Nemelex Xobeh
Okawaru
Qazlal
Ru
Sif Muna
Trog
Uskayaw
Vehumet
Wu Jian
Xom
Yredelemnul
Zin
The Shining One

Shops:
D:5 =   D:9 *

Annotations:
D:11 Snorg


Innate Abilities, Weirdness & Mutations

You have claws for hands.
You may emit foul miasma when damaged in melee.
You are robust. (+10% HP)
When hurt, damage is shared between your health and your magic reserves.
You are immune to rotting.


Message History

The wall freezes Snorg.
Snorg bites you. Snorg claws you! Snorg claws you but does no damage.
The wall freezes Snorg.
Snorg barely misses you. Snorg claws you. Snorg claws you!
You claw Snorg! Your claw misses Snorg.
Snorg is moderately wounded.
The wall freezes Snorg.
Snorg barely misses you. Snorg claws you. x2
You claw Snorg!
Snorg is heavily wounded.
The wall freezes Snorg.
Snorg bites you!
You emit a cloud of foul miasma!
Snorg claws you!
* * * LOW HITPOINT WARNING * * *
Snorg claws you!
* * * LOW HITPOINT WARNING * * *
You feel much better.
Snorg is engulfed in dark miasma.
Snorg looks even sicker.
The wall freezes Snorg.
Snorg bites you!!
* * * LOW HITPOINT WARNING * * *
Snorg claws you!
* * * LOW HITPOINT WARNING * * *
Snorg claws you.
You die...

...........#
........(..#
...........#
...........#
...........#
...........#
...........#
..........T#
..........@#
..........<#
...........#
...........#
...........#
...........#
..........#
.........#
.........#


You could see Snorg (berserk).

Vanquished Creatures
  An unseen horror (D:10)
  Pikel (D:9)
  A cyclops (D:11)
  A centaur zombie (D:11)
  Maggie (D:7)
  A merfolk (D:9)
  2 hippogriffs
  15 yaks
  Grum (D:9)
  2 basilisks (D:9)
  A hungry ghost (D:8)
  An orc warrior (D:9)
  4 porcupines (D:9)
  An ice beast (D:7)
  2 sky beasts
  A black bear (D:7)
  A slave (D:9)
  7 ogres
  4 wolves (D:9)
  4 centaurs
  2 crocodiles (D:9)
  2 bullfrogs
  A gnoll sergeant (D:5)
  4 scorpions
  3 killer bees (D:10)
  5 wights
  2 howler monkeys (D:6)
  4 crimson imps
  A quasit (D:11)
  A bullfrog zombie (D:6)
  5 hounds
  A bullfrog skeleton (D:9)
  4 orc priests
  2 jellies
  9 orc wizards
  2 iguanas (D:10)
  7 worker ants
  3 hound zombies
  17 gnolls
  2 howler monkey skeletons
  2 adders
  A shadow imp (D:5)
  An ooze (D:4)
  An adder zombie (D:5)
  3 adder skeletons
  8 leopard geckos
  27 orcs
  11 bats
  4 giant cockroaches
  8 goblins
  6 hobgoblins
  11 jackals
  4 kobolds
  5 quokkas
  6 frilled lizards
  A quokka skeleton (D:6)
  A quokka zombie (D:6)
  6 rats
235 creatures vanquished.

Vanquished Creatures (others)
  A gnoll (D:5)
  2 bushes (D:9)
  2 fungi (D:9)
  10 plants (D:9)
15 creatures vanquished.

Grand Total: 250 creatures vanquished

Notes
Turn   | Place    | Note
-------+----------+-------------------------------------------
     0 | D:1      | Kohma the Demonspawn Ice Elementalist began the quest for
                  | the Orb.
     0 | D:1      | Reached XP level 1. HP: 13/13 MP: 3/3
   154 | D:1      | Gained mutation: You have sharp fingernails. [demonic
                  | ancestry]
   154 | D:1      | Reached XP level 2. HP: 14/19 MP: 1/5
  1058 | D:2      | Gained mutation: You have very sharp fingernails. [demonic
                  | ancestry]
  1058 | D:2      | Reached XP level 3. HP: 24/24 MP: 2/6
  1128 | D:2      | Learned a level 3 spell: Frozen Ramparts
  1292 | D:2      | Found a bloodstained altar of Trog,
  1657 | D:3      | Reached skill level 1 in Unarmed Combat
  1661 | D:3      | Gained mutation: You have claws for hands. [demonic
                  | ancestry]
  1661 | D:3      | Reached XP level 4. HP: 30/30 MP: 3/7
  2584 | D:4      | Found a shimmering altar of Xom,
  2607 | D:4      | Noticed an ogre
  2610 | D:4      | Noticed an ogre
  2624 | D:4      | Killed an ogre
  2624 | D:4      | Reached skill level 2 in Unarmed Combat
  2624 | D:4      | Reached skill level 5 in Ice Magic
  2624 | D:4      | Reached XP level 5. HP: 4/35 MP: 3/9
  2628 | D:4      | Killed an ogre
  2628 | D:4      | Gained mutation: You are immune to rotting. [demonic
                  | ancestry]
  2628 | D:4      | Reached XP level 6. HP: 5/41 MP: 3/10
  3619 | D:4      | Reached skill level 3 in Unarmed Combat
  3721 | D:4      | Found a staircase to the Ecumenical Temple,
  3730 | Temple   | Entered the Ecumenical Temple
  4001 | Temple   | Became a worshipper of Makhleb the Destroyer
  4241 | D:5      | Entered Level 5 of the Dungeon
  4273 | D:5      | Gained mutation: When hurt, damage is shared between your
                  | health and your magic reserves. [demonic ancestry]
  4273 | D:5      | Reached XP level 7. HP: 46/46 MP: 7/11
  4273 | D:5      | Reached skill level 1 in Invocations
  4276 | D:5      | Found a radiant altar of Vehumet,
  4282 | D:5      | Reached skill level 1 in Fighting
  4361 | D:5      | Reached skill level 4 in Unarmed Combat
  4731 | D:5      | Found Fiesuan's Jewellery Emporium,
  4735 | D:5      | Bought a +3 ring of protection for 210 gold pieces
  5252 | D:5      | Reached skill level 5 in Unarmed Combat
  5252 | D:5      | Reached XP level 8. HP: 37/57 MP: 6/12
  5255 | D:5      | Reached * piety under Makhleb
  6174 | D:5      | Reached skill level 6 in Unarmed Combat
  6350 | D:6      | Reached ** piety under Makhleb
  6350 | D:6      | Reached skill level 5 in Invocations
  6710 | D:6      | Learned a level 4 spell: Olgreb's Toxic Radiance
  6714 | D:6      | Learned a level 3 spell: Ignite Poison
  6735 | D:7      | Gained mutation: You are robust. (+10% HP) [demonic
                  | ancestry]
  6735 | D:7      | Reached XP level 9. HP: 60/71 MP: 9/13
  7346 | D:7      | Reached skill level 7 in Unarmed Combat
  7398 | D:7      | Reached skill level 5 in Fighting
  7406 | D:7      | Noticed Maggie
  7418 | D:7      | Killed Maggie
  7418 | D:7      | Reached skill level 1 in Transmutations
  7418 | D:7      | Reached skill level 1 in Fire Magic
  7418 | D:7      | Reached skill level 1 in Poison Magic
  8917 | D:9      | Gained mutation: You may emit foul miasma when damaged in
                  | melee. [demonic ancestry]
  8917 | D:9      | Reached XP level 10. HP: 61/81 MP: 3/14
  8923 | D:9      | Reached *** piety under Makhleb
  8923 | D:9      | Reached skill level 5 in Poison Magic
  8936 | D:9      | Reached skill level 8 in Unarmed Combat
  9108 | D:9      | Noticed Grum
  9125 | D:9      | Killed Grum
  9146 | D:9      | Found a staircase to the Lair,
  9289 | D:9      | Reached skill level 9 in Unarmed Combat
  9300 | D:9      | HP: 3/81 [orc warrior/+0 trident (18)]
  9664 | D:9      | Found Gyjuph's Assorted Antiques,
  9773 | D:9      | Noticed Pikel
  9789 | D:9      | Killed Pikel
  9789 | D:9      | Reached skill level 10 in Unarmed Combat
 10548 | D:10     | Entered Level 10 of the Dungeon
 10607 | D:10     | Killed an unseen horror
 10936 | D:10     | Reached XP level 11. HP: 84/88 MP: 11/15
 11784 | D:11     | Noticed Snorg
 11870 | D:11     | HP: 3/89 [Snorg (7)]
 11870 | D:11     | Slain by Snorg

Levels and vault maps discovered:
D:1:      arrival_zaba_pyramid, layout_basic
D:2:      layout_rooms, first_ration, trog_butcher_becter
D:3:      layout_basic, hex_large, minmay_quadrilaterals
D:4:      layout_cave_pools, minmay_temple_entry_glassed_door, serial_rivers,
          chequers_serial_rivers_micro_e, chequers_serial_rivers_room_b,
          chequers_serial_rivers_room_a, chequers_serial_rivers_micro_d,
          xom_teletrap_fun
D:5:      layout_loops_ring, fiery_altar_vehumet, serial_shops, shop
D:6:      layout_basic
D:7:      layout_basic, uniq_maggie
D:8:      layout_gridville, hangedman_abyss_or_decor_stabs
D:9:      layout_basic, minmay_lair_entry_grove, serial_shops, shop,
          hangedman_fish_farm, uniq_pikel, uniq_grum
D:10:     layout_basic, minmay_door_square
D:11:     layout_big_octagon, serial_park, serial_park_paths
          [serial_park_minivault_5x5_1], serial_park_tiny_2, serial_park_gazebo
          [serial_park_minivault_5x5_5], uniq_snorg
Temple:   nicolae_temple_the_god_donut

Skill      XL: |  1  2  3  4  5  6  7  8  9 10 11 |
---------------+----------------------------------+-----
Stealth        | 2 |  2.0
Dodging        | 2 3 |  3.7
Ice Magic      | 4 5 6 7 |  7.0
Unarmed Combat | 1 2 3 5 6 7 10 | 10.8
Spellcasting   | 3 |  3.0
Invocations    | 3 5 |  5.2
Fighting       | 2 4 5 |  5.6
Transmutations | 2 |  2.1
Fire Magic     | 2 |  2.1
Poison Magic   | 4 6 |  6.5

Action                   |  1- 3 |  4- 6 |  7- 9 | 10-12 || total
-------------------------+-------+-------+-------+-------++-------
Melee: Unarmed           |     7 |    23 |   259 |    97 ||   386
       Punch             |       |     2 |     6 |     4 ||    12
Throw: Stone             |       |       |     2 |       ||     2
       Dart              |       |       |       |     3 ||     3
 Cast: Freeze            |    51 |    15 |    17 |       ||    83
       Frozen Ramparts   |     4 |    21 |    43 |    16 ||    84
       Ignite Poison     |       |       |       |     7 ||     7
       Olgreb's Toxic Ra |       |       |       |     7 ||     7
  Use: Scroll            |       |    11 |    10 |     7 ||    28
       Potion            |       |       |     2 |     1 ||     3
 Stab: Sleeping          |       |       |     1 |       ||     1
  Eat: Chunk             |     3 |     7 |    45 |    11 ||    66
       Ration            |       |     1 |       |       ||     1
Armor: Robe              |    10 |    12 |     3 |       ||    25
       Ring mail         |       |       |    68 |       ||    68
       Leather armour    |       |       |     1 |       ||     1
       Steam dragon scal |       |       |    47 |    28 ||    75
       Skin              |       |       |     3 |     2 ||     5
Dodge: Dodged            |    29 |    21 |   151 |    61 ||   262

Table legend:
 A = Non-vault XP
 B = Vault XP
 C = Vault XP percentage of total XP
 D = Non-vault monster count
 E = Vault monster count
 F = Vault count percentage of total count
                 A         B        C        D         E       F
            +---------+---------+-------+---------+---------+-------
      Total |    9758 |    4020 |  29.2 |     203 |      31 |  13.2
            +---------+---------+-------+---------+---------+-------
        D:1 |      32 |       0 |   0.0 |      18 |       0 |   0.0
        D:2 |      35 |       7 |  16.7 |      13 |       4 |  23.5
        D:3 |      82 |      13 |  13.7 |      20 |       6 |  23.1
        D:4 |     561 |       0 |   0.0 |      20 |       0 |   0.0
        D:5 |     807 |       0 |   0.0 |      26 |       0 |   0.0
        D:6 |    1232 |       0 |   0.0 |      35 |       0 |   0.0
        D:7 |    1118 |     409 |  26.8 |      12 |       1 |   7.7
        D:8 |     845 |       0 |   0.0 |      25 |       0 |   0.0
        D:9 |    1277 |    3591 |  73.8 |      16 |      20 |  55.6
       D:10 |    2662 |       0 |   0.0 |      15 |       0 |   0.0
       D:11 |    1107 |       0 |   0.0 |       3 |       0 |   0.0
            +---------+---------+-------+---------+---------+-------
